 Dungeon Crawl Stone Soup version 0.25-a0-578-gc91f01c39c (webtiles) character file.

Game seed: 8695068562919220681, levelgen mode: deterministic

2388 Flugslaktarn the Cleaver (level 9, -8/81 HPs)
             Began as a Deep Dwarf Fighter on Mar 4, 2020.
             Was a Follower of Makhleb.
             Killed from afar by Joseph (11 damage)
             ... with an iceblast
             ... on level 7 of the Dungeon.
             The game lasted 00:02:05 (2733 turns).

Flugslaktarn the Cleaver (Deep Dwarf Fighter)       Turns: 2733, Time: 00:02:06

Health: -8/81      AC: 12    Str: 23    XL:     9   Next: 22%
Magic:  10/10      EV:  5    Int:  9    God:    Makhleb [*.....]
Gold:   280        SH: 11    Dex: 12    Spells: 8/8 levels left

rFire    . . .     SeeInvis .   a - +0 war axe
rCold    . . .     Gourm    .   c - +0 kite shield
rNeg     . . .     Faith    .   j - +0 plate armour
rPois    .         Spirit   .   (no helmet)
rElec    .         Reflect  .   (no cloak)
rCorr    .         Harm     .   (no gloves)
MR       +....                  (no boots)
Stlth    ..........             (no amulet)
HPRegen  0.00/turn              (no ring)
MPRegen  0.12/turn              (no ring)

@: mighty, marked, non-regenerating
A: damage resistance, heal wounds, sense surroundings 2, no regeneration
a: Heal Wounds, Renounce Religion


You were on level 7 of the Dungeon.
You worshipped Makhleb.
Makhleb was aware of your devotion.
You were not hungry.

You visited 2 branches of the dungeon, and saw 8 of its levels.

You collected 280 gold pieces.

Inventory:

Hand Weapons
 a - a +0 war axe (weapon)
Missiles
 d - 3 throwing nets (quivered)
Armour
 c - a +0 kite shield (worn)
 j - a +0 plate armour (worn)
   (You found it on level 5 of the Dungeon)
Jewellery
 q - an uncursed ring of poison resistance {unknown}
   (You found it on level 7 of the Dungeon)
Scrolls
 f - a scroll of blinking {unknown}
 g - 4 scrolls of identify {unknown}
 h - 2 scrolls of teleportation {unknown}
 i - 3 scrolls of amnesia {unknown}
 k - a scroll of fear {unknown}
 n - a scroll of magic mapping {unknown}
Potions
 b - a potion of magic {unknown}
 l - 2 potions of stabbing {unknown}
 o - a potion of haste
 p - 2 potions of degeneration {unknown}
Comestibles
 e - 11 rations
 m - 8 chunks of flesh


   Skills:
 + Level 5.4 Fighting
 * Level 8.5 Axes
 + Level 6.5 Armour
 + Level 6.7 Shields
 + Level 4.8 Invocations


You had 8 spell levels left.
You didn't know any spells.
Your spell library was empty.

Dungeon Overview and Level Annotations

Branches:
Dungeon (7/15)             Temple (1/1) D:5

Altars:
Cheibriados
Dithmenos
Fedhas
Gozag
Makhleb
Okawaru
Qazlal
Ru
Sif Muna
Trog
Vehumet
Wu Jian
Xom
Yredelemnul

Shops:
D:6 (

Annotations:
D:7 Joseph


Innate Abilities, Weirdness & Mutations

You are resistant to damage.
You can heal yourself by infusing magical energy.
You passively map the area around you.
You do not regenerate.


Message History

The howler monkey hits you.
Joseph zaps a wand.
The mass of ice explodes!
The iceblast engulfs you!
* * * LOW HITPOINT WARNING * * *
You hear a shout! x2; You hear an angry hiss.
You hear a shout! x3
You are too injured to fight recklessly!
You are too injured to fight recklessly!
You are too injured to fight recklessly!
You are too injured to fight recklessly!
You are too injured to fight recklessly!
You are too injured to fight recklessly!
You are too injured to fight recklessly!
You are too injured to fight recklessly!
You are too injured to fight recklessly!
You fail to use your ability.
You block the howler monkey's attack. You block the orc's attack.
Joseph shoots a sling bullet.
The sling bullet hits you!!
* * * LOW HITPOINT WARNING * * *
x2 The howler monkey hoots and howls with incredible vigour!
Joseph zaps a wand.
The mass of ice explodes!
The iceblast engulfs you!
You die...

.########. #.. , , ,,, ,
..........####........, ,
.......###.....#.....###*
, ..........,... ........
,, , #.....######.#
..@...# ,,, ,
..#........#.###.....# ,,
.########<....##.....#* .
# #♣♣♣♣♣.......##.# , , *
♣#.@........ ,,
#.........# *
*###ho.....# * #.......#
* #..?....# , , #.......#
* ,....###.# * ...## ,# ,
,,..##* ,


You could see Joseph, a howler monkey and an orc.

Vanquished Creatures
  Harold (D:7)
  Menkaure (D:5)
  A sky beast (D:5)
  A phantom (D:6)
  3 ice beasts
  A centaur (D:5)
  A bullfrog (D:6)
  Blork the orc (D:5)
  A scorpion (D:6)
  A wyvern skeleton (D:6)
  5 wights (D:6)
  A howler monkey (D:4)
  2 crimson imps
  A jelly (D:6)
  A bullfrog zombie (D:6)
  3 centaur skeletons
  An orc priest (D:6)
  4 orc wizards
  A bullfrog skeleton (D:6)
  3 worker ants
  A worker ant zombie (D:6)
  4 gnolls (D:4)
  An adder (D:7)
  An adder zombie (D:7)
  3 worms
  A leopard gecko (D:6)
  14 orcs
  A bat (D:2)
  2 giant cockroaches
  2 goblins
  2 hobgoblins
  2 jackals (D:6)
  A quokka (D:4)
  2 ball pythons
  2 frilled lizards
  A jackal zombie (D:6)
  A kobold (D:2)
  A leopard gecko zombie (D:5)
  A quokka skeleton (D:6)
  A rat (D:2)
78 creatures vanquished.

Notes
Turn   | Place    | Note
-------+----------+-------------------------------------------
     0 | D:1      | Flugslaktarn the Deep Dwarf Fighter began the quest for the
                  | Orb.
     0 | D:1      | Reached XP level 1. HP: 20/20 MP: 1/1
   231 | D:2      | Reached XP level 2. HP: 25/27 MP: 2/2
   276 | D:3      | Reached skill level 3 in Axes
   276 | D:3      | Reached XP level 3. HP: 15/34 MP: 3/3
   416 | D:4      | Found a bloodstained altar of Trog.
   417 | D:4      | Found a shimmering blue altar of Sif Muna.
   559 | D:4      | Reached XP level 4. HP: 36/42 MP: 4/4
   605 | D:4      | Reached skill level 4 in Axes
   616 | D:5      | Entered Level 5 of the Dungeon
   663 | D:5      | Noticed Blork the orc
   681 | D:5      | Killed Blork the orc
   681 | D:5      | Reached XP level 5. HP: 20/49 MP: 5/5
   844 | D:4      | Found an iron altar of Okawaru.
  1076 | D:5      | Noticed a sky beast
  1122 | D:5      | Killed a sky beast
  1122 | D:5      | Reached skill level 5 in Axes
  1122 | D:5      | Reached XP level 6. HP: 52/57 MP: 6/6
  1216 | D:5      | Noticed an ice beast
  1230 | D:5      | Killed an ice beast
  1259 | D:5      | Noticed Menkaure
  1268 | D:5      | Killed Menkaure
  1268 | D:5      | Reached skill level 5 in Shields
  1268 | D:5      | Reached XP level 7. HP: 45/64 MP: 6/6
  1269 | D:5      | Found a staircase to the Ecumenical Temple.
  1292 | Temple   | Entered the Ecumenical Temple
  1401 | Temple   | Became a worshipper of Makhleb the Destroyer
  1415 | D:5      | Reached skill level 5 in Armour
  1425 | D:5      | Reached skill level 6 in Axes
  1425 | D:5      | Reached skill level 1 in Invocations
  1989 | D:6      | Reached XP level 8. HP: 26/73 MP: 8/8
  2002 | D:6      | Found a snail-covered altar of Cheibriados.
  2034 | D:6      | Reached skill level 7 in Axes
  2207 | D:6      | Reached * piety under Makhleb
  2219 | D:6      | Found Falapail's Weapon Shoppe.
  2304 | D:6      | Reached skill level 5 in Fighting
  2320 | D:6      | Found an opulent altar of Gozag.
  2409 | D:6      | Found an ornate altar of the Wu Jian Council.
  2669 | D:7      | Noticed Harold
  2694 | D:7      | Killed Harold
  2694 | D:7      | Reached skill level 8 in Axes
  2694 | D:7      | Gained mutation: You passively map the area around you.
                  | [Deep Dwarf growth]
  2694 | D:7      | Reached XP level 9. HP: 23/81 MP: 10/10
  2723 | D:7      | Noticed Joseph
  2731 | D:7      | HP: 3/81 [Joseph/sling bullet (4)]
  2733 | D:7      | Killed from afar by Joseph

Levels and vault maps discovered:
D:1:      matt_arrival_grand_opening, layout_basic
D:2:      layout_loops_ring, bh_chokoban, tgw_xom
D:3:      layout_basic, kennysheep_vampire_church,
          ashenzari_conservatory_becter, first_ration, minivault_4,
          grunt_decor_cap, uniq_crazy_yiuf_cottage
D:4:      layout_basic, grunt_temple_overflow_open, kennysheep_okawaru_gauntlet
D:5:      layout_basic, minmay_temple_entry_offerings, solitary_fountain,
          hangedman_decor_lopped, uniq_blork_the_orc, uniq_menkaure
D:6:      layout_cave_pools, marbit_many_paths, lemuel_coloured_pillars_altar,
          serial_shops, nicolae_shop_trees, minmay_misc_feat_rows,
          cheibriados_altar_1
D:7:      layout_rooms, good_gods_mini_temple, kennysheep_mini_moat,
          nemelex_xobeh_ov_fountains_minmay, minivault_23, uniq_harold,
          uniq_joseph, uniq_duvessa
Temple:   nicolae_temple_figure_zero

Skill      XL: |  1  2  3  4  5  6  7  8 |
---------------+-------------------------+-----
Fighting       | 3 4 5 |  5.4
Axes           | 3 4 5 6 8 |  8.5
Armour         | 4 5 6 |  6.5
Shields        | 4 5 6 |  6.7
Invocations    | 2 4 |  4.8

Action                   |  1- 3 |  4- 6 |  7- 9 || total
-------------------------+-------+-------+-------++-------
Melee: War axe           |    70 |    96 |   192 ||   358
 Abil: Heal Wounds       |     1 |     9 |    12 ||    22
  Use: Potion            |       |     3 |     1 ||     4
  Eat: Chunk             |       |     1 |     2 ||     3
       Ration            |       |       |     1 ||     1
Armor: Scale mail        |    34 |    44 |       ||    78
       Plate armour      |       |       |    98 ||    98
Dodge: Dodged            |    20 |    25 |    42 ||    87
Block: Kite shield       |    41 |    47 |   118 ||   206

Table legend:
 A = Non-vault XP
 B = Vault XP
 C = Vault XP percentage of total XP
 D = Non-vault monster count
 E = Vault monster count
 F = Vault count percentage of total count
                 A         B        C        D         E       F
            +---------+---------+-------+---------+---------+-------
      Total |    2168 |    1244 |  36.5 |      75 |       3 |   3.8
            +---------+---------+-------+---------+---------+-------
        D:1 |       3 |       0 |   0.0 |       2 |       0 |   0.0
        D:2 |       9 |       0 |   0.0 |       6 |       0 |   0.0
        D:3 |      64 |       0 |   0.0 |      10 |       0 |   0.0
        D:4 |     207 |       0 |   0.0 |      13 |       0 |   0.0
        D:5 |     636 |     252 |  28.4 |       8 |       2 |  20.0
        D:6 |    1229 |       0 |   0.0 |      33 |       0 |   0.0
        D:7 |      20 |     992 |  98.0 |       3 |       1 |  25.0
            +---------+---------+-------+---------+---------+-------
